Map: Romanticide LE

Players

ByuN - Winner!

  • Race: Terran Terran
  • Spawn Location: 5:00

Maru

  • Race: Terran Terran
  • League: Master
  • Spawn Location: 11:00

Event: ASUS ROG Online 2020

VOD

Have the link to the VOD?

Description

Time

  • Played on: Nov. 29, 2020, 2:38 p.m.
  • Length: 12:27

All games in this series

Show
View Real Time Build Order
Export as new Build Order

ByuN Terran - Winner!

Build Orders: Reaper Expand 

Get SALT Encoding   

  12  0:00  SCV  
  13  0:12  SCV  
  14  0:16  Supply Depot  
  14  0:24  SCV  
  15  0:38  SCV  
  15  0:39  Barracks  
  15  0:42  Refinery  
  16  0:50  SCV  
  17  1:02  SCV  
  18  1:14  SCV  
  19  1:26  Orbital Command, Reaper  
  20  1:37  Command Center  
  20  1:49  Supply Depot  
  20  1:52  SCV  
  21  1:58  Marine  
  22  2:01  Factory  
  22  2:05  SCV  
  23  2:10  Refinery  
  23  2:17  SCV  
  23  2:19  Barracks Reactor  
  24  2:29  SCV  
  25  2:41  SCV  
  26  2:45  Starport, Hellion  
  26  2:49  Orbital Command  
  28  2:53  SCV  
  28  2:55  Marine x2  
  31  3:05  SCV  
  30  3:13  Marine x2  
  30  3:15  SCV  
  30  3:17  Factory Tech Lab, SCV  
  34  3:22  Medivac  
  36  3:27  SCV  
  36  3:29  Supply Depot, SCV  
  36  3:31  Refinery  
  36  3:32  Marine x2  
  40  3:37  Cyclone  
  40  3:41  SCV x2  
  45  3:49  Supply Depot  
  45  3:53  SCV x2  
  45  3:54  Starport Tech Lab  
  45  3:55  Marine  
  48  3:56  Marine  
  49  4:05  SCV  
  49  4:06  SCV  
  49  4:08  Supply Depot  
  49  4:09  Siege Tank  
  54  4:13  Marine  
  54  4:14  Marine  
  56  4:17  SCV  
  56  4:20  Raven  
  56  4:23  SCV  
  60  4:27  Supply Depot  
  60  4:29  SCV  
  61  4:31  Supply Depot  
  61  4:38  SCV  
  62  4:41  SCV  
  59  4:47  Marine x2  
  59  4:48  Siege Tank  
  64  4:56  SCV x2  
  66  5:02  Raven  
  66  5:05  Supply Depot, Command Center  
  66  5:07  Refinery  
  68  5:08  SCV x2  
  68  5:12  Marine x2  
  72  5:20  SCV x2  
  74  5:25  Barracks  
  74  5:26  Siege Tank  
  74  5:27  Barracks  
  77  5:32  SCV, Marine x2  
  77  5:33  SCV  
  81  5:37  Engineering Bay  
  81  5:41  Engineering Bay  
  81  5:45  SCV x2  
  84  5:57  SCV x2  
  84  6:00  Stimpack  
  84  6:01  Siege Tank  
  84  6:03  Marine  
  89  6:09  SCV x2  
  89  6:10  Starport Reactor  
  91  6:11  Terran Infantry Armor Level 1, Terran Infantry Weapons Level 1  
  90  6:20  Barracks Reactor  
  90  6:21  SCV x2, Marine  
  90  6:22  Barracks  
  90  6:24  Barracks  
  93  6:33  SCV  
  93  6:34  Armory  
  93  6:35  SCV  
  93  6:39  Marine  
  96  6:45  SCV, Marine  
  96  6:46  Siege Tank, Marine  
  96  6:47  Orbital Command, SCV  
  101  6:56  Marine  
  101  6:57  SCV  
  101  6:59  SCV, Marine x2  
  97  7:03  Marine x2  
  94  7:09  SCV  
  94  7:11  SCV  
  94  7:12  Barracks Reactor x2  
  94  7:13  SCV  
  94  7:14  Marine  
  91  7:18  Siege Tank  
  91  7:21  SCV, Marine x4  
  99  7:23  SCV  
  99  7:25  SCV  
  99  7:27  Refinery  
  99  7:28  Refinery  
  101  7:32  Marine  
  101  7:33  Supply Depot x2, SCV  
  101  7:36  Terran Vehicle Weapons Level 1  
  103  7:38  SCV  
  103  7:39  SCV  
  103  7:40  Combat Shield  
  103  7:42  Marine x4  
  109  7:54  SCV, Siege Tank, Marine x4  
  109  7:55  Supply Depot, Marine  
  109  7:56  Medivac x2, Supply Depot  
  122  7:59  Marine  
  122  8:04  Marine x2  
  119  8:07  Marine  
  119  8:12  Marine x5  
  118  8:17  Marine  
  120  8:22  Marine x2  
  120  8:25  Marine  
  120  8:26  Medivac x2  
  120  8:27  Siege Tank  
  130  8:28  Terran Infantry Weapons Level 2  
  130  8:30  Factory, Marine x5  
  135  8:35  Marine  
  135  8:40  Marine x2  
  138  8:43  Supply Depot, Marine  
  138  8:45  Supply Depot  
  138  8:46  Terran Infantry Armor Level 2  
  138  8:48  Marine x2  
  141  8:59  Command Center  
  141  9:00  Sensor Tower  
  141  9:05  Siege Tank, Marine x4  
  141  9:06  Marine x4  
  150  9:18  SCV x3  
  150  9:23  Barracks x3, Marine x2  
  150  9:24  Barracks Reactor, Marine  
  155  9:30  Marine  
  157  9:36  Marine x2  
  157  9:39  Marine  
  157  9:54  Siege Tank x2, Marine x3  
  157  9:56  Supply Depot x2, Marine  
  157  9:57  Supply Depot, Marine x3  
  157  9:58  Supply Depot x2, Medivac, Marine  
  154  10:02  Marine  
  154  10:04  Marine  
  155  10:08  Medivac  
  155  10:12  Marine x3  
  155  10:13  Planetary Fortress  
  155  10:14  Marine  
  152  10:15  Marine x2  
  151  10:22  Marine  
  151  10:23  Marine x3  
  151  10:27  Siege Tank x2  
  148  10:30  Marine x3  
  148  10:31  Marine  
  148  10:33  Barracks Reactor, Marine x2  
  148  10:34  Barracks Reactor  
  151  10:36  Barracks Reactor  
  151  10:40  Marine  
  151  10:41  Medivac x2, Marine x2  
  157  10:51  Marine  
  157  10:52  Marine x5  
  157  10:54  Marine  
  164  10:59  Siege Tank x2  
  164  11:02  Marine x3  
  173  11:09  Marine x3  
  176  11:11  Marine x7  
  180  11:23  Marine x2  
  180  11:24  Marine x2  
  174  11:25  Marine  
  174  11:27  Marine x4  
  174  11:29  Marine  
  174  11:31  Siege Tank x2  
  180  11:37  Marine  
  180  11:38  Marine x4  
  181  11:41  Marine  
  181  11:44  Marine x3  
  181  11:46  Marine  
  172  11:48  Marine x6  
  172  11:51  SCV x2  
  178  11:55  Marine  
  178  11:56  Marine  
  174  12:06  Marine x5  
  171  12:09  Command Center  
Show
View Real Time Build Order
Export as new Build Order

Maru Terran 

Build Orders:  

Get SALT Encoding   

  12  0:00  SCV  
  13  0:12  SCV  
  14  0:17  Supply Depot  
  14  0:24  SCV  
  15  0:38  SCV  
  15  0:40  Barracks  
  16  0:42  Refinery  
  16  0:50  SCV  
  16  0:53  Refinery  
  17  1:02  SCV  
  18  1:15  SCV  
  19  1:27  Orbital Command, Reaper  
  19  1:29  Supply Depot  
  20  1:42  Factory  
  20  1:53  SCV  
  21  1:59  Reaper  
  22  2:05  SCV  
  23  2:17  SCV  
  23  2:21  Command Center  
  24  2:28  Hellion  
  24  2:29  SCV  
  27  2:32  Barracks Reactor  
  27  2:39  Supply Depot  
  27  2:41  SCV  
  28  2:47  Starport  
  28  2:50  Factory Tech Lab  
  28  2:53  SCV  
  30  3:05  SCV  
  29  3:15  Siege Tank, Marine x2  
  29  3:17  SCV  
  34  3:28  Medivac  
  34  3:29  SCV  
  34  3:33  Marine x2  
  39  3:34  Orbital Command  
  39  3:42  SCV  
  40  3:51  Marine x2  
  40  3:54  Factory Tech Lab, SCV  
  43  3:59  SCV  
  43  4:00  Supply Depot  
  44  4:06  SCV  
  44  4:08  Command Center  
  45  4:12  Raven  
  45  4:15  Refinery  
  45  4:16  SCV  
  48  4:21  Marine x2  
  50  4:28  Cyclone  
  50  4:30  SCV  
  52  4:36  SCV  
  52  4:39  Marine x2  
  52  4:42  SCV  
  54  4:48  SCV  
  55  4:52  Refinery  
  55  4:54  SCV  
  55  4:56  Supply Depot, Marine  
  55  4:57  Marine  
  58  5:00  Raven, SCV  
  58  5:06  SCV  
  61  5:12  SCV  
  62  5:17  Marine x2  
  62  5:18  Siege Tank  
  62  5:19  Supply Depot, SCV  
  68  5:22  Orbital Command  
  68  5:24  SCV  
  69  5:31  SCV  
  70  5:36  SCV  
  70  5:39  Barracks  
  70  5:41  Barracks  
  71  5:43  SCV  
  71  5:48  SCV x2  
  71  5:49  Marine  
  74  5:51  Siege Tank  
  74  5:54  Viking x2  
  74  5:55  Stimpack  
  81  5:59  Supply Depot  
  81  6:01  SCV x2  
  83  6:11  Orbital Command  
  83  6:13  SCV x2  
  82  6:19  Marine  
  82  6:25  Siege Tank  
  85  6:27  SCV  
  85  6:28  SCV  
  85  6:29  Barracks Reactor x2  
  87  6:33  Engineering Bay x2  
  87  6:37  Marine  
  87  6:39  SCV  
  86  6:40  SCV x2  
  84  6:51  SCV  
  84  6:52  SCV x2  
  83  6:57  Viking x2  
  83  7:03  SCV  
  83  7:04  SCV x2  
  75  7:15  SCV  
  75  7:16  SCV x2  
  75  7:17  Terran Infantry Armor Level 1, Terran Infantry Weapons Level 1  
  77  7:24  Marine x5  
  77  7:25  Siege Tank  
  77  7:27  SCV  
  77  7:28  SCV  
  87  7:31  SCV  
  87  7:33  Missile Turret  
  87  7:34  Supply Depot  
  87  7:35  Supply Depot  
  88  7:38  Combat Shield  
  88  7:39  SCV  
  88  7:40  SCV  
  88  7:42  Medivac x2  
  88  7:43  SCV  
  95  7:45  Marine x2  
  95  7:48  Marine x2  
  99  7:52  SCV x2  
  99  7:53  Refinery x2  
  99  7:55  Supply Depot, SCV  
  101  8:00  Siege Tank  
  101  8:04  SCV  
  101  8:05  SCV  
  106  8:07  SCV  
  106  8:09  Supply Depot  
  106  8:10  Marine x2  
  106  8:16  SCV  
  106  8:17  Marine x2  
  106  8:18  Marine  
  109  8:20  Armory, SCV x2  
  109  8:22  Barracks  
  109  8:23  Barracks  
  111  8:27  Sensor Tower  
  111  8:28  SCV  
  111  8:32  SCV x2  
  114  8:36  Marine x2  
  114  8:37  Marine x3  
  114  8:38  Siege Tank  
  122  8:42  SCV  
  122  8:44  SCV  
  122  8:48  Command Center  
  124  8:54  Marine x4  
  129  9:02  Supply Depot  
  129  9:06  Factory  
  129  9:09  Supply Depot  
  125  9:10  Barracks Reactor  
  125  9:12  Marine  
  125  9:14  Barracks Reactor, Siege Tank  
  125  9:15  Barracks Reactor  
  125  9:16  Terran Infantry Armor Level 2, Terran Infantry Weapons Level 2  
  129  9:17  Terran Vehicle Weapons Level 1  
  129  9:21  Viking  
  129  9:24  Viking  
  133  9:28  Marine x3  
  133  9:30  Marine  
  137  9:37  SCV x2  
  133  9:42  SCV  
  130  9:45  Marine  
  130  9:46  Siege Tank  
  130  9:49  Marine  
  130  9:50  Supply Depot x2  
  130  9:51  Supply Depot  
  133  9:54  SCV, Marine x2  
  133  9:56  Marine  
  133  9:58  Marine x2  
  133  9:59  Marine  
  122  10:02  Siege Tank  
  122  10:04  SCV x2  
  122  10:07  SCV  
  127  10:16  SCV x2  
  127  10:17  Refinery  
  127  10:18  Siege Tank  
  127  10:20  Marine  
  127  10:21  Marine  
  133  10:26  SCV  
  133  10:27  Marine x3  
  103  10:30  Viking x2  
  103  10:34  SCV x2, Siege Tank  
  110  10:37  Marine x4  
  110  10:38  SCV  
  110  10:39  Marine  
  110  10:40  Marine  
  118  10:50  Sensor Tower, Siege Tank, SCV x3  
  123  11:00  Marine x6  
  123  11:02  SCV  
  130  11:05  Sensor Tower  
  130  11:06  Viking  
  130  11:07  Viking  
  134  11:14  SCV  
  131  11:28  Marine  
  132  11:34  Starport  
  132  11:35  Supply Depot  
  132  11:37  Starport  
  132  11:39  Liberator x2  
  138  11:45  Marine x2  
  138  11:46  Marine  
  132  11:49  Marine x7  
  132  11:51  Siege Tank  
  137  12:03  Marine x2  
  137  12:04  Marine  
  137  12:06  Marine  
  137  12:07  Marine x6  
Tags
 
Add a new tag
Caveats
  • Supply blocks, unpowered buildings, or Contaminate may cause inaccurate times.
  • Supply counts are checked every 10 seconds.